General information
- name: BNet
- type: Ladder team game (AT/RT)
- host: Battle.net
- saver: Zephyd
map: UpperKingdom
- players: 6
- length: 18:51
- speed: Fast
- version: 1.23 W3XP
- replay type: Public
» download(136 KB)
Players
team 1 (loser)
Just_Give_Up (
yellow | 32 APM | 600 actions | 18:45)
3 Shadow Hunter
2 Serpent Ward
1 Healing Wave
» actions
| Basic commands | 14 | |
| Build / train | 50 | |
| Enter build submenu | 11 | |
| Enter hero's abilities submenu | 3 | |
| Right click | 319 | |
| Select / deselect | 164 | |
| Use ability | 39 | |
600 total
» units
| Peon | 6 | |
| Grunt | 18 | |
| Shaman | 7 | |
| Spirit Walker | 2 | |
| Troll Headhunter/Berserker | 5 | |
| Wind Rider | 4 | |
42 total
» upgrades
» buildings
| Altar of Storms | 1 | |
| Barracks | 1 | |
| Orc Burrow | 5 | |
| Stronghold | 1 | |
| Spirit Lodge | 1 | |
| Fortress | 1 | |
| War Mill | 1 | |
| Beastiary | 1 | |
12 total
» build order
00:18 Altar of Storms
00:22 Barracks
00:32 Orc Burrow
02:18 Orc Burrow
04:32 Orc Burrow
05:08 Stronghold
07:40 Spirit Lodge
09:43 Orc Burrow
09:45 Fortress
10:37 Orc Burrow
10:59 War Mill
11:33 Beastiary
NOMICROWIN (
green | 78 APM | 1474 actions | 18:50)
3 Shadow Hunter
1 Serpent Ward
2 Hex
» actions
| Assign group hotkey | 7 | |
| Basic commands | 266 | |
| Build / train | 39 | |
| Enter build submenu | 12 | |
| Enter hero's abilities submenu | 4 | |
| Remove unit from queue | 3 | |
| Right click | 672 | |
| Select / deselect | 352 | |
| Select group hotkey | 71 | |
| Use ability | 48 | |
1474 total
» units
» buildings
| Altar of Storms | 1 | |
| Orc Burrow | 6 | |
| Barracks | 2 | |
| Stronghold | 1 | |
| Beastiary | 2 | |
| Voodoo Lounge | 1 | |
13 total
» build order
00:14 Altar of Storms
00:21 Orc Burrow
00:36 Barracks
01:46 Orc Burrow
03:07 Barracks
04:04 Orc Burrow
07:34 Orc Burrow
08:20 Stronghold
10:50 Beastiary
11:03 Beastiary
11:48 Voodoo Lounge
13:57 Orc Burrow
16:57 Orc Burrow
» items
| Potion of Healing | 1 | |
| Lesser Clarity Potion | 1 | |
| Scroll of Town Portal | 1 | |
3 total
nooby_nigro (
blue | 37 APM | 691 actions | 18:48)
4 Shadow Hunter
2 Serpent Ward
2 Healing Wave
» actions
| Basic commands | 48 | |
| Build / train | 31 | |
| Enter build submenu | 10 | |
| Enter hero's abilities submenu | 4 | |
| Right click | 309 | |
| Select / deselect | 253 | |
| Use ability | 36 | |
691 total
» units
» buildings
| Altar of Storms | 1 | |
| Orc Burrow | 5 | |
| Barracks | 3 | |
| Stronghold | 1 | |
10 total
» build order
00:07 Altar of Storms
00:09 Orc Burrow
00:38 Barracks
01:41 Orc Burrow
02:32 Barracks
03:56 Barracks
07:05 Orc Burrow
07:07 Orc Burrow
07:39 Orc Burrow
08:21 Stronghold
team 2 (winner)
stone.juggy (
teal | 113 APM | 2133 actions | 18:50)
5 Blademaster
3 Wind Walk
2 Critical Strike
4 Shadow Hunter
2 Healing Wave
2 Hex
» actions
| Assign group hotkey | 26 | |
| Basic commands | 113 | |
| Build / train | 75 | |
| ESC pressed | 2 | |
| Enter build submenu | 22 | |
| Enter hero's abilities submenu | 9 | |
| Give item / drop item | 2 | |
| Remove unit from queue | 2 | |
| Right click | 695 | |
| Select / deselect | 376 | |
| Select group hotkey | 743 | |
| Use ability | 68 | |
2133 total
» units
| Peon | 20 | |
| Grunt | 7 | |
| Shaman | 9 | |
| Tauren | 5 | |
| Demolisher | 3 | |
| Spirit Walker | 1 | |
45 total
» upgrades
| Berserker Strength | 1 | |
| Shaman Training | 2 | |
| Pulverize | 1 | |
4 total
» buildings
| Altar of Storms | 1 | |
| Orc Burrow | 8 | |
| Barracks | 1 | |
| Voodoo Lounge | 1 | |
| Stronghold | 1 | |
| Spirit Lodge | 1 | |
| Fortress | 1 | |
| Great Hall | 1 | |
| War Mill | 1 | |
| Tauren Totem | 2 | |
18 total
» build order
00:09 Altar of Storms
00:17 Orc Burrow
00:41 Barracks
01:35 Orc Burrow
02:13 Voodoo Lounge
03:58 Stronghold
05:58 Orc Burrow
06:30 Spirit Lodge
06:33 Fortress
07:48 Orc Burrow
08:58 Great Hall
09:17 War Mill
10:58 Tauren Totem
11:05 Orc Burrow
11:38 Tauren Totem
11:44 Orc Burrow
13:27 Orc Burrow
15:26 Orc Burrow
» items
| Healing Salve | 4 | |
| Potion of Healing | 3 | |
| Lesser Clarity Potion | 1 | |
| Scroll of Speed | 1 | |
| Orb of Lightning | 1 | |
| Potion of Mana | 1 | |
11 total
theDreamStick (
purple | 102 APM | 1918 actions | 18:50)
5 Mountain King
3 Storm Bolt
2 Bash
1 Paladin
1 Holy Light
» actions
| Assign group hotkey | 24 | |
| Basic commands | 43 | |
| Build / train | 68 | |
| ESC pressed | 3 | |
| Enter build submenu | 23 | |
| Enter hero's abilities submenu | 6 | |
| Right click | 1087 | |
| Select / deselect | 324 | |
| Select group hotkey | 276 | |
| Use ability | 64 | |
1918 total
» units
| Peasant | 19 | |
| Footman | 20 | |
| Sorceress | 2 | |
| Rifleman | 1 | |
| Priest | 2 | |
44 total
» upgrades
| Defend | 1 | |
| Sorceress Training | 1 | |
2 total
» buildings
| Altar of Kings | 1 | |
| Barracks | 1 | |
| Farm | 9 | |
| Scout Tower | 4 | |
| Arcane Tower | 3 | |
| Lumber Mill | 2 | |
| Guard Tower | 1 | |
| Keep | 1 | |
| Arcane Sanctum | 2 | |
| Blacksmith | 1 | |
| Workshop | 1 | |
| Castle | 1 | |
27 total
» build order
00:06 Altar of Kings
00:25 Barracks
00:41 Farm
01:10 Farm
01:12 Farm
01:44 Scout Tower
01:57 Farm
02:13 Arcane Tower
02:21 Scout Tower
02:47 Farm
02:51 Arcane Tower
03:16 Lumber Mill
07:24 Scout Tower
07:54 Lumber Mill
08:03 Arcane Tower
08:20 Scout Tower
08:48 Guard Tower
10:12 Keep
13:21 Arcane Sanctum
13:27 Arcane Sanctum
15:56 Blacksmith
16:18 Farm
16:20 Farm
16:42 Workshop
17:02 Farm
17:04 Farm
18:06 Castle
» items
| Potion of Healing | 2 | |
| Potion of Mana | 2 | |
| Orb of Corruption | 1 | |
| Rod of Necromancy | 1 | |
| Scroll of Healing | 1 | |
| Scroll of Town Portal | 1 | |
8 total
Zephyd (
red | 134 APM | 2535 actions | 18:51)
5 Death Knight
3 Death Coil
2 Unholy Aura
4 Lich
2 Frost Nova
2 Dark Ritual
» actions
| Assign group hotkey | 116 | |
| Basic commands | 42 | |
| Build / train | 65 | |
| ESC pressed | 4 | |
| Enter build submenu | 18 | |
| Enter hero's abilities submenu | 9 | |
| Give item / drop item | 1 | |
| Right click | 1560 | |
| Select / deselect | 319 | |
| Select group hotkey | 340 | |
| Use ability | 61 | |
2535 total
» units
| Acolyte | 2 | |
| Ghoul | 15 | |
| Crypt Fiend | 13 | |
| Gargoyle | 1 | |
| Necromancer | 6 | |
37 total
» upgrades
| Burrow | 1 | |
| Necromancer Training | 2 | |
| Skeletal Mastery | 1 | |
| Web | 2 | |
| Skeletal Longevity | 1 | |
| Unholy Strength | 1 | |
8 total
» buildings
| Crypt | 1 | |
| Altar of Darkness | 1 | |
| Ziggurat | 6 | |
| Tomb of Relics | 1 | |
| Graveyard | 1 | |
| Nerubian Tower | 1 | |
| Halls of the Dead | 1 | |
| Black Citadel | 1 | |
| Spirit Tower | 2 | |
| Temple of the Damned | 2 | |
| Slaughterhouse | 1 | |
18 total
» build order
00:06 Crypt
00:11 Altar of Darkness
00:34 Ziggurat
00:50 Tomb of Relics
01:27 Graveyard
02:02 Ziggurat
02:02 Nerubian Tower
04:20 Halls of the Dead
06:52 Black Citadel
07:39 Ziggurat
08:55 Spirit Tower
08:56 Spirit Tower
10:20 Temple of the Damned
12:20 Temple of the Damned
15:47 Ziggurat
16:45 Ziggurat
16:46 Ziggurat
16:52 Slaughterhouse
» items
| Rod of Necromancy | 2 | |
| Orb of Corruption | 1 | |
| Potion of Healing | 1 | |
4 total
Chat log
(00:04 / Allies) stone.juggy: d
(02:22 / All) Just_Give_Up: i have hero and 2 grunts
(02:24 / All) Zephyd: awesome